 Dungeon Crawl Stone Soup version 0.21-a0-633-g4c047d5 (webtiles) character file.

14612 Faca the Cleaver (level 12, -1/96 HPs)
             Began as a Formicid Fighter on Dec 28, 2017.
             Was a High Priest of Okawaru.
             Slain by a killer bee (2 damage)
             ... on level 10 of the Dungeon.
             The game lasted 00:30:16 (9506 turns).

Faca the Cleaver (Formicid Fighter)                 Turns: 9506, Time: 00:30:16

Health: -1/96      AC: 22    Str: 21    XL:     12   Next: 47%
Magic:  12/12      EV:  7    Int: 10    God:    Okawaru [*****.]
Gold:   298        SH: 12    Dex: 13    Spells: 11/11 levels left

rFire    + . .     SeeInvis +   I - +2 broad axe (drain)
rCold    . . .     Gourm    .   c - +0 shield
rNeg     . . .     Faith    .   K - +0 plate armour {rF+}
rPois    .         Spirit   .   (helmet unavailable)
rElec    .         Reflect  .   (no cloak)
rCorr    .         Harm     .   H - +0 pair of gloves
MR       ++...                  j - +2 pair of boots {run}
Stlth    ..........             (no amulet)
HPRegen  0.26/turn              e - ring of protection from magic
MPRegen  0.13/turn              s - +4 ring of protection

@: quick
A: permanent stasis, dig shafts and tunnels, four strong arms, antennae 3
a: Dig, Shaft Self, Heroism, Finesse, Renounce Religion


You were on level 10 of the Dungeon.
You worshipped Okawaru.
Okawaru was extremely pleased with you.
You were not hungry.

You visited 2 branches of the dungeon, and saw 12 of its levels.
You also visited: Sewer and Ossuary.

You collected 585 gold pieces.
You spent 287 gold pieces at shops.

Inventory:

Hand Weapons
 n - a +1 whip of electrocution
 p - the +10 battleaxe of Attainder {chop, rPois rC+++ Int-5}
   (You bought it in a shop on level 10 of the Dungeon)

   It inflicts extra damage upon your enemies.
   It affects your intelligence (-5).
   It renders you almost immune to cold.
   It protects you from poison.
 I - a +2 broad axe of draining (weapon)
Missiles
 C - 57 sling bullets
Armour
 c - a +0 shield (worn)
 j - a +2 pair of boots of running (worn)
 x - a +0 large shield
 H - a +0 pair of gloves (worn)
 K - a +0 plate armour of fire resistance (worn)
Jewellery
 e - a ring of protection from magic (left hand)
 s - a +4 ring of protection (right hand)
 v - an uncursed ring of poison resistance
Wands
 k - a wand of iceblast (3)
 u - a wand of digging (4)
 G - a wand of enslavement (16)
Scrolls
 a - 2 scrolls of identify
 b - 2 scrolls of enchant weapon
 l - 3 scrolls of fear
 o - 4 scrolls of magic mapping
 w - 5 scrolls of remove curse
 D - a scroll of enchant armour
Potions
 d - a potion of haste {unknown}
 g - a potion of flight
 h - a potion of brilliance {unknown}
 i - 7 potions of curing
 m - a potion of magic
 q - 3 potions of agility
 r - 3 potions of heal wounds
 t - 2 potions of ambrosia {unknown}
 A - a potion of mutation
 B - 3 potions of might
 E - a potion of cancellation {unknown}
 F - a potion of invisibility
Comestibles
 f - 21 rations


   Skills:
 + Level 9.4 Fighting
 + Level 13.5 Axes
 - Level 0.1(8.9) Maces & Flails
 + Level 8.2 Armour
 - Level 1.5 Dodging
 - Level 0.3 Stealth
 + Level 10.9 Shields
 + Level 0.2 Invocations


You had 11 spell levels left.
You didn't know any spells.

Dungeon Overview and Level Annotations

Branches:
Dungeon (11/15)            Temple (1/1) D:6            Lair (0/6) D:8
    Orc (0/2) D:9

Altars:
Ashenzari
Cheibriados
Dithmenos
Elyvilon
Fedhas
Gozag
Hepliaklqana
Kikubaaqudgha
Makhleb
Nemelex Xobeh
Okawaru
Qazlal
Ru
Sif Muna
Trog
Uskayaw
Vehumet
Wu Jian
Xom
Yredelemnul
Zin
The Shining One

Shops:
D:5 [   D:10 (


Innate Abilities, Weirdness & Mutations

You cannot be hasted, slowed, berserked, paralysed or teleported.
You can dig through walls and to a lower floor.
Your four strong arms can wield two-handed weapons with a shield.
You have a pair of large antennae on your head. (SInv)


Message History

You closely miss the killer bee.
The killer bee is heavily wounded.
The killer bee stings you but does no damage.
The killer bee stings you.
* * * LOW HITPOINT WARNING * * *
You miss the killer bee.
The killer bee is heavily wounded.
The killer bee stings you but does no damage.
You block the killer bee's attack.
You closely miss the killer bee.
The killer bee is heavily wounded.
You block the killer bee's attack. The killer bee stings you.
* * * LOW HITPOINT WARNING * * *
You hit the killer bee but do no damage.
The killer bee is heavily wounded.
You block the killer bee's attack.
You barely miss the killer bee.
The killer bee is heavily wounded.
The killer bee stings you.
You die...

##..........#
#.......#
##.........#
#.......#
#.........#
#......##
#.........#
###......
#.........#
##.....
#.........#
###...
#.........#
####
#.......y†#
#.......@>#
##.......##
##.....##
#######


You could see a killer bee.

Vanquished Creatures
  4 two-headed ogres
  The ghost of xfalz the Magician, a novice GnVM of Okawaru (D:8)
  Pikel (D:7)
  The ghost of isock the Archer, a novice GnWn of Uskayaw (D:6)
  The ghost of Faca the Shield-Bearer, a novice FoFi (D:5)
  3 ugly things
  An elephant (D:8)
  A moth of wrath (D:6)
  A centaur skeleton (D:10)
  An efreet (D:10)
  Prince Ribbit (D:8)
  Grinder (D:5)
  2 hippogriffs
  2 wyverns
  A human (D:7)
  2 yaks
  2 basilisks (D:8)
  3 hogs (D:7)
  3 hungry ghosts (D:9)
  A two-headed ogre zombie (D:9)
  A water moccasin (D:9)
  4 orc warriors
  3 sky beasts
  2 ice beasts
  4 phantoms
  A necrophage (D:9)
  3 centaurs
  4 ogres
  5 big kobolds
  5 bullfrogs
  A wyvern skeleton (D:10)
  3 water moccasin zombies (Ossuary)
  3 scorpions
  2 troll zombies (D:9)
  4 killer bees
  3 wights (D:6)
  5 howler monkeys
  3 crimson imps
  2 quasits (D:7)
  6 hounds
  5 jellies
  4 bullfrog skeletons
  6 bullfrog zombies
  5 orc priests
  Ijyb (D:3)
  An iguana (D:9)
  2 orc wizards (D:9)
  9 worker ants
  4 big kobold zombies (Ossuary)
  5 ogre zombies (D:9)
  A hound zombie (D:6)
  2 mummies (Ossuary)
  3 hound skeletons
  2 worker ant zombies
  A howler monkey skeleton (D:9)
  11 adders
  A river rat (Sewer)
  A shadow imp (D:8)
  3 oozes (Sewer)
  2 adder skeletons
  12 worms
  4 dart slugs
  2 leopard geckos (D:9)
  25 orcs
  2 ball pythons (Sewer)
  6 giant cockroaches
  2 gnoll zombies (Ossuary)
  8 goblins
  7 hobgoblins
  14 jackals
  2 quokkas (D:2)
  10 bats
  2 frilled lizards
  3 goblin zombies (D:9)
  4 hobgoblin skeletons (D:9)
  9 hobgoblin zombies
  17 kobolds
  5 kobold zombies (Ossuary)
  A leopard gecko skeleton (D:4)
  An orc skeleton (D:9)
  19 orc zombies
  A quokka zombie (D:5)
  23 rats
345 creatures vanquished.

Vanquished Creatures (others)
  An adder (D:10)
  A quokka (D:6)
  A fungus (D:8)
3 creatures vanquished.

Grand Total: 348 creatures vanquished

Notes
Turn   | Place    | Note
-------+----------+-------------------------------------------
     0 | D:1      | Faca the Formicid Fighter began the quest for the Orb.
     0 | D:1      | Reached XP level 1. HP: 18/18 MP: 1/1
   100 | D:1      | Reached XP level 2. HP: 24/24 MP: 2/2
   323 | D:1      | Reached XP level 3. HP: 29/29 MP: 3/3
   946 | D:2      | Reached XP level 4. HP: 34/35 MP: 4/4
  1354 | D:3      | Noticed Ijyb
  1375 | D:3      | Killed Ijyb
  1375 | D:3      | Reached skill level 3 in Axes
  1381 | D:3      | Found a glowing drain.
  1388 | D:3      | Reached XP level 5. HP: 37/41 MP: 5/5
  1393 | Sewer    | Entered a sewer
  1409 | Sewer    | Noticed a big kobold
  1427 | Sewer    | Killed a big kobold
  1427 | Sewer    | Reached skill level 1 in Dodging
  1677 | Sewer    | Noticed a big kobold
  1698 | Sewer    | Killed a big kobold
  1698 | Sewer    | Reached skill level 4 in Axes
  1698 | Sewer    | Reached XP level 6. HP: 32/48 MP: 6/6
  2380 | Sewer    | Reached skill level 5 in Shields
  2380 | Sewer    | Reached XP level 7. HP: 53/53 MP: 7/7
  2410 | Sewer    | Reached skill level 5 in Axes
  3342 | D:4      | Reached skill level 5 in Armour
  3409 | D:5      | Entered Level 5 of the Dungeon
  3424 | D:5      | Reached XP level 8. HP: 58/61 MP: 8/8
  3436 | D:5      | Reached skill level 6 in Axes
  3574 | D:5      | Found Seeqaihe's Antique Armour Emporium.
  3651 | D:5      | Noticed Faca's ghost (novice FoFi)
  3662 | D:5      | Killed Faca's ghost
  3662 | D:5      | Reached skill level 5 in Fighting
  3662 | D:5      | Reached skill level 7 in Axes
  3662 | D:5      | Reached XP level 9. HP: 58/68 MP: 9/9
  3724 | D:5      | Noticed Grinder
  3734 | D:5      | Killed Grinder
  3734 | D:5      | Reached skill level 8 in Axes
  4084 | D:6      | Identified a +1 pair of boots of running (You found it on level 6 of the Dungeon)
  4151 | D:6      | Found a staircase to the Ecumenical Temple.
  4160 | Temple   | Entered the Ecumenical Temple
  4213 | Temple   | Became a worshipper of Warmaster Okawaru
  4288 | D:6      | Found a white marble altar of Elyvilon.
  4553 | D:6      | Noticed isock's ghost (novice GnWn)
  4575 | D:6      | Killed isock's ghost
  4575 | D:6      | Reached * piety under Okawaru
  4575 | D:6      | Reached skill level 9 in Axes
  5024 | D:6      | Reached XP level 10. HP: 76/76 MP: 10/10
  5218 | D:6      | Noticed a moth of wrath
  5221 | D:6      | Found a bloodstained altar of Trog.
  5284 | D:6      | Killed a moth of wrath
  5284 | D:6      | Reached ** piety under Okawaru
  5469 | D:7      | Found a sand-covered staircase.
  5473 | Ossuary  | Entered an ossuary
  5589 | Ossuary  | Reached skill level 10 in Axes
  5881 | D:7      | Found a sacrificial altar of Ru.
  6194 | D:7      | Noticed Pikel
  6214 | D:7      | Killed Pikel
  6321 | D:7      | Reached *** piety under Okawaru
  6878 | D:8      | Reached skill level 11 in Axes
  6878 | D:8      | Reached XP level 11. HP: 55/84 MP: 11/11
  6881 | D:8      | Noticed Prince Ribbit
  7100 | D:8      | Noticed an elephant
  7121 | D:8      | Killed an elephant
  7127 | D:8      | Noticed xfalz's ghost (novice GnVM)
  7146 | D:8      | Killed xfalz's ghost
  7146 | D:8      | Reached **** piety under Okawaru
  7188 | D:8      | Found a staircase to the Lair.
  7218 | D:8      | Killed Prince Ribbit
  7340 | D:8      | Noticed a two-headed ogre
  7373 | D:8      | Killed a two-headed ogre
  7373 | D:8      | Reached skill level 10 in Shields
  7691 | D:9      | Reached skill level 12 in Axes
  7705 | D:9      | Reached ***** piety under Okawaru
  7751 | D:9      | Found a staircase to the Orcish Mines.
  7924 | D:9      | Received a gift from Okawaru
  8079 | D:9      | Noticed a two-headed ogre
  8095 | D:9      | Killed a two-headed ogre
  8142 | D:9      | Noticed a two-headed ogre
  8149 | D:9      | Killed a two-headed ogre
  8149 | D:9      | Reached XP level 12. HP: 75/94 MP: 12/12
  8286 | D:9      | Noticed a two-headed ogre
  8292 | D:9      | Killed a two-headed ogre
  8405 | D:9      | Identified the Disquisition on Torrid Conjuration
  8632 | D:9      | Reached skill level 13 in Axes
  8769 | D:10     | Entered Level 10 of the Dungeon
  9079 | D:10     | Found Poihued's Antique Weapon Boutique.
  9082 | D:10     | Bought a twisted battleaxe for 287 gold pieces
  9082 | D:10     | Identified the +10 battleaxe of Attainder {chop, rPois rC+++ Int-5} (You bought it in a shop on level 10 of the Dungeon)
  9504 | D:10     | HP: 1/96 [killer bee (5)]
  9506 | D:10     | Slain by a killer bee

Vault maps used:
D:1:      kennysheep_arrival_seaside
D:2:      first_ration
D:3:      portal_sewer_entry_c, uniq_ijyb
D:5:      serial_shops, nicolae_shop_waterfront, guppyfry_early_lair_pool,
          uniq_grinder
D:6:      elyvilon_altar_4, minmay_temple_entry_butterflies, tgw_trog
D:7:      enter_ossuary_5, grunt_livestock, minmay_misc_feat_x,
          grunt_ministairs_13, nicolae_ru_awakened_eye, uniq_pikel
D:8:      david_lair_generic, kennysheep_generic_room_3, uniq_prince_ribbit1
D:9:      cheibrodos_ideogram_h, zombieorc2_lemuel
D:10:     serial_shops, kennysheep_mini
D:11:     minmay_shrinking_squares
Temple:   compressed_dpeg_circular_temple
Sewer:    sewer_co_tree
Ossuary:  ossuary_tomb_2

Skill      XL: |  1  2  3  4  5  6  7  8  9 10 11 12 |
---------------+-------------------------------------+-----
Shields        | 4 5 6 8 9 10 | 10.9
Axes           | 3 4 5 7 9 11 12 13 | 13.5
Armour         | 4 5 6 7 8 |  8.2
Dodging        | 1 |  1.5
Fighting       | 4 5 6 7 8 9 |  9.4
Maces & Flails | |  0.1
Stealth        | |  0.3
Invocations    | |  0.2

Action                   |  1- 3 |  4- 6 |  7- 9 | 10-12 || total
-------------------------+-------+-------+-------+-------++-------
Melee: War axe           |   142 |   164 |   250 |   512 ||  1068
       Whip              |       |       |    54 |    64 ||   118
       Broad axe         |       |       |       |   186 ||   186
Invok: Heroism           |       |       |       |     1 ||     1
 Abil: Dig               |       |       |       |     1 ||     1
  Use: Scroll            |     2 |     2 |     9 |     5 ||    18
       Potion            |       |       |     2 |     1 ||     3
 Stab: Invisible         |       |       |     1 |       ||     1
  Eat: Chunk             |       |     2 |     1 |     9 ||    12
       Ration            |       |     1 |     3 |     3 ||     7
Armor: Scale mail        |    80 |    60 |   102 |   181 ||   423
       Plate armour      |       |       |       |    49 ||    49
Dodge: Dodged            |    48 |    43 |    81 |   193 ||   365
Block: Shield            |    97 |    84 |   139 |   372 ||   692

Table legend:
 A = Spawn XP
 B = Non-spawn XP
 C = Spawn XP percentage of total XP
 D = Spawn monster count
 E = Non-spawn monster count
 F = Spawn count percentage of total count
 G = Total turns spent on level
                    A         B        C        D         E        F      G
               +---------+---------+-------+---------+---------+-------+---------
         Total |       0 |   20875 |   0.0 |       0 |     345 |   0.0 |  9506
               +---------+---------+-------+---------+---------+-------+---------
           D:1 |       0 |      36 |   0.0 |       0 |      21 |   0.0 |   663
           D:2 |       0 |      50 |   0.0 |       0 |      20 |   0.0 |   643
           D:3 |       0 |     102 |   0.0 |       0 |      26 |   0.0 |   442
           D:4 |       0 |     197 |   0.0 |       0 |      13 |   0.0 |   540
           D:5 |       0 |    1615 |   0.0 |       0 |      22 |   0.0 |   656
           D:6 |       0 |    2242 |   0.0 |       0 |      31 |   0.0 |  1251
           D:7 |       0 |    2060 |   0.0 |       0 |      22 |   0.0 |  1264
           D:8 |       0 |    3896 |   0.0 |       0 |      32 |   0.0 |   811
           D:9 |       0 |    6780 |   0.0 |       0 |      76 |   0.0 |  1110
          D:10 |       0 |    2149 |   0.0 |       0 |      22 |   0.0 |   715
          D:11 |       0 |     849 |   0.0 |       0 |       5 |   0.0 |    22
         Sewer |       0 |     502 |   0.0 |       0 |      28 |   0.0 |  1121
       Ossuary |       0 |     397 |   0.0 |       0 |      27 |   0.0 |   193
               +---------+---------+-------+---------+---------+-------+---------
